 Dungeon Crawl Stone Soup version 0.25.1-2-g60ff931df9 (webtiles) character file.

Game seed: 5971337648271798188

548 Johnny the Chiller (level 6, -3/45 HPs)
             Began as a Demigod Ice Elementalist on Aug 30, 2020.
             Shot with an arrow by a centaur (10 damage)
             ... on level 5 of the Dungeon.
             The game lasted 00:05:22 (6527 turns).

Johnny the Chiller (Demigod Ice Elementalist)       Turns: 6527, Time: 00:05:23

Health: -3/45      AC:  2    Str: 11    XL:     6   Next: 79%
Magic:  15/15      EV: 12    Int: 29    God:
Gold:   239        SH:  0    Dex: 16    Spells: 4/12 levels left

rFire    + . .     SeeInvis .   b - +0 spear
rCold    + + .     Gourm    .   (no shield)
rNeg     . . .     Faith    .   q - +0 robe (curse)
rPois    .         Spirit   .   (no helmet)
rElec    .         Reflect  .   p - scarf {rC+ rF+}
rCorr    .         Harm     .   (no gloves)
MR       .....                  (no boots)
Stlth    ++........             j - amulet of inaccuracy (curse)
HPRegen  0.15/turn              i - +6 ring of intelligence
MPRegen  0.14/turn              s - ring of protection from cold

@: very slightly contaminated
A: high mp 1
a: no special abilities


You were on level 5 of the Dungeon.
You were not hungry.

You visited 1 branch of the dungeon, and saw 5 of its levels.

You collected 239 gold pieces.

Inventory:

Hand Weapons
 b - a +0 spear (weapon)
Armour
 p - a scarf of resistance (worn)
 q - a cursed +0 robe (worn)
 x - a +2 leather armour of cold resistance
Jewellery
 i - a +6 ring of intelligence (left hand)
 j - a cursed amulet of inaccuracy (around neck)
 s - a ring of protection from cold (right hand)
Wands
 o - a wand of random effects (7)
Scrolls
 a - 3 scrolls of amnesia
 d - 2 scrolls of magic mapping
 e - 2 scrolls of fear
 f - a scroll of fog
 g - 3 scrolls of enchant weapon
 h - 3 scrolls of teleportation
 m - 3 scrolls of noise
 u - a scroll of remove curse {unknown}
 w - a scroll of identify
Potions
 k - 2 potions of might
 l - a potion of heal wounds
 n - a potion of curing {unknown}
 r - a potion of stabbing {unknown}
 t - a potion of cancellation {unknown}
Comestibles
 c - 8 rations


   Skills:
 - Level 1.7 Dodging
 - Level 1.7 Stealth
 + Level 3.9 Spellcasting
 * Level 6.7 Ice Magic


You had 4 spell levels left.
You knew the following spells:

 Your Spells              Type           Power        Failure   Level  Hunger
a - Freeze                Ice            ####         1%          1    None
b - Frozen Ramparts       Ice            #####.       1%          3    ##.....
e - Summon Ice Beast      Ice/Summ       ####....     17%         4    ####...

Your spell library contained the following spells:

 Spells                   Type           Power        Failure   Level  Hunger
 Ozocubu's Armour         Chrm/Ice       ####....     5%          3    ##.....
 Hailstorm                Conj/Ice       ####....     17%         4    ####...


Dungeon Overview and Level Annotations

Branches:
Dungeon (5/15)
 Temple: D:4-7

Shops:
D:4 %


Innate Abilities, Weirdness & Mutations

You have an increased reservoir of magic. (+10% MP)


Message History

The arrow hits you!
Found a ring mail.
Attack whom?
Press: ? - help, Dir - move target cursor, f - ball python zombie
Aim: a ball python zombie You reach to attack!
You hit the ball python zombie.
The ball python zombie is moderately damaged.
The centaur shoots an arrow.
The arrow hits you!
You are too injured to fight recklessly!
You are too injured to fight recklessly!
You are too injured to fight recklessly!
You are too injured to fight recklessly!
You are too injured to fight recklessly!
You are too injured to fight recklessly!
Unknown command.
The centaur shoots an arrow.
The arrow hits you!
* * * LOW HITPOINT WARNING * * *
You see here an arrow.
The centaur shoots an arrow.
The arrow hits you!
You die...

...........####.#.#.#.#.
#..........# ..#.#.#.#.#
###..........# ##.#.#.#.#.
#.c..........#.#.#.#.#.#.#
.............#.#..#.#.#.#.
.............#.#.#.#.#.#.#
........†h...#.#..#.#.#.#.
#......(.......#.#.#.#.#.#
........Z@.....#..#.#.#.#+
[..########$...#.#.#.#....
.. ........†..#..#.#+....
....#########[..#.#.#.#<...
......s<..Y.#...##.#.#.....
.....#.####.#.#.))#.#......
... #. #.#..#.#.#..... . ..
#.....#.#...... .Z.
####.#.#.#.....


You could see a centaur, a hound and a ball python zombie.

Vanquished Creatures
  A centaur (D:5)
  A howler monkey (D:5)
  A centaur zombie (D:5)
  2 hounds
  A jelly (D:5)
  3 orc priests
  An iguana (D:4)
  An orc wizard (D:5)
  A worker ant (D:5)
  3 adders
  A shadow imp (D:5)
  An ooze (D:3)
  An adder zombie (D:5)
  4 worms
  3 leopard geckos
  5 orcs
  A ball python (D:3)
  3 bats
  7 giant cockroaches
  7 hobgoblins
  14 jackals
  2 quokkas
  6 frilled lizards
  9 goblins
  10 kobolds
  A quokka skeleton (D:4)
  4 rats
94 creatures vanquished.

Notes
Turn   | Place    | Note
-------+----------+-------------------------------------------
     0 | D:1      | Johnny the Demigod Ice Elementalist began the quest for the
                  | Orb.
     0 | D:1      | Reached XP level 1. HP: 14/14 MP: 5/5
   611 | D:1      | Reached XP level 2. HP: 20/20 MP: 7/7
   657 | D:1      | Reached skill level 4 in Ice Magic
  1828 | D:2      | Reached XP level 3. HP: 6/26 MP: 6/9
  2150 | D:2      | Found a shimmering altar of Xom.
  3161 | D:3      | Learned a level 3 spell: Frozen Ramparts
  3973 | D:3      | Reached XP level 4. HP: 33/33 MP: 10/10
  4451 | D:4      | Reached skill level 5 in Ice Magic
  4488 | D:4      | Found a sacrificial altar of Ru.
  4616 | D:4      | Reached XP level 5. HP: 18/38 MP: 6/12
  4875 | D:4      | Found Diem's Food Emporium.
  5484 | D:5      | Entered Level 5 of the Dungeon
  5484 | D:5      | Noticed an ice beast
  5911 | D:5      | Reached skill level 6 in Ice Magic
  6045 | D:5      | Reached XP level 6. HP: 32/45 MP: 11/14
  6149 | D:5      | Learned a level 4 spell: Summon Ice Beast
  6527 | D:5      | Shot with an arrow by a centaur

Illustrated notes

Levels and vault maps discovered:
D:1:      onia_arrival_pyramid, layout_basic
D:2:      layout_loops_corners, lemuel_crystal_altar, kennysheep_boxes
D:3:      layout_loops_cross, first_ration
D:4:      layout_loops_ring, serial_shops, shop, nicolae_ru_the_path_less_chosen
D:5:      layout_basic, uniq_prince_ribbit1

Skill      XL: |  1  2  3  4  5 |
---------------+----------------+-----
Spellcasting   | 2 3 |  3.9
Ice Magic      | 4 5 6 |  6.7
Dodging        | |  1.7
Stealth        | |  1.7

Action                   |  1- 3 |  4- 6 || total
-------------------------+-------+-------++-------
Melee: Spear             |   174 |    97 ||   271
 Cast: Freeze            |    38 |    24 ||    62
       Frozen Ramparts   |       |    13 ||    13
Evoke: Wand              |       |     4 ||     4
  Use: Scroll            |     9 |     2 ||    11
       Potion            |       |     1 ||     1
 Stab: Sleeping          |    12 |     4 ||    16
  Eat: Chunk             |    10 |     5 ||    15
       Ration            |       |     1 ||     1
Armor: Robe              |    29 |    12 ||    41
Dodge: Dodged            |   111 |    89 ||   200
